 Dungeon Crawl Stone Soup version 0.28.0 (webtiles) character file.

Game seed: 3203487046599052500

10 comborobin the Insei (level 2, 0/23 HPs)
             Began as a Djinni Warper on Feb 13, 2022.
             Slain by a bat (1 damage)
             ... on level 1 of the Dungeon.
             The game lasted 00:00:46 (537 turns).

comborobin the Insei (Djinni Warper)                 Turns: 537, Time: 00:00:46

Health: 0/23       AC:  3    Str: 10    XL:     2   Next: 30%
Gold:   34         EV: 11    Int: 14    God:
                   SH:  0    Dex: 12

rFire   + + .      SeeInvis .     - Unarmed
rCold   x . .      Faith    .   (no shield)
rNeg    . . .      Spirit   .   a - +0 leather armour
rPois   ∞          Reflect  .   (no helmet)
rElec   .          Harm     .   (no cloak)
rCorr   .          Rampage  .   (no gloves)
Will    .....                   (boots unavailable)
Stlth   +.........              (no amulet)
HPRegen 0.07/turn               (no ring)
MPRegen 0.00/turn               (no ring)

@: flying
A: sickness immunity, fire resistance 2, cold vulnerability 1, float, innate
caster, HP casting, extra vitality 1
a: no special abilities


You were on level 1 of the Dungeon.
You visited 1 branch of the dungeon, and saw 2 of its levels.

You collected 34 gold pieces.

Inventory:

Missiles
 c - 5 boomerangs of dispersal (quivered)
Armour
 a - a +0 leather armour (worn)


   Skills:
 - Level 2.0 Fighting
 - Level 0.7 Throwing
 - Level 1.0 Armour
 - Level 2.1 Dodging
 + Level 2.8 Unarmed Combat
 - Level 2.4 Spellcasting


You couldn't memorise any spells.
You knew the following spells:

 Your Spells              Type           Power      Damage    Failure   Level
a - Blink                 Tloc           16%        N/A       17%         2
b - Lesser Beckoning      Tloc           8%         N/A       34%         3
c - Gell's Gravitas       Tloc           8%         N/A       34%         3
d - Teleport Other        Tloc           8%         N/A       34%         3
e - Manifold Assault      Tloc           8%         N/A       97%         5
Your spell library was empty.

Dungeon Overview and Level Annotations

Branches:
Dungeon (2/15)

Altars:


Innate Abilities, Weirdness & Mutations

You are immune to sickness and miasma.
You are immune to poison.
Your flesh is very heat resistant. (rF++)
You are vulnerable to cold. (rC-)
You float through the air rather than walking.
You learn spells naturally, not from books.
Your magical power is your life essence.
You have superior vitality. (+4 MHP)


Message History

You aren't carrying any scrolls.
You aren't carrying any items that you can evoke.
A hobgoblin comes into view.
The hobgoblin shouts!
The bat hits you but does no damage.
A bat comes into view.
The bat barely misses you.
The hobgoblin moves out of view.
Found 3 scrolls labelled ITHANOULIN.
The bat closely misses you.
A frilled lizard comes into view.
The frilled lizard hisses angrily.
The bat misses you. The bat barely misses you.
The bat hits you but does no damage.
A quokka comes into view.
The bat hits you.
* * * LOW HITPOINT WARNING * * *
The bat closely misses you. x2; The bat hits you but does no damage.
Found 6 gold pieces.
The bat barely misses you. x2
The bat hits you but does no damage. The bat hits you.
* * * LOW HITPOINT WARNING * * *
The bat misses you. The bat barely misses you.
The bat hits you but does no damage. The bat misses you.
The bat hits you but does no damage. The bat hits you.
* * * LOW HITPOINT WARNING * * *
The bat closely misses you. The bat hits you but does no damage. x2
The bat closely misses you. The bat barely misses you.
The bat closely misses you. The bat hits you.
* * * LOW HITPOINT WARNING * * *
The bat closely misses you. The bat barely misses you. x2
You closely miss the bat. The bat closely misses you.
The bat barely misses you. x3; The bat closely misses you. x2
You hit the bat.
You kill the bat!
The bat hits you.
* * * LOW HITPOINT WARNING * * *
The bat closely misses you.
Found 8 sling bullets.
The bat hits you but does no damage. x2
The bat hits you.
* * * LOW HITPOINT WARNING * * *
The bat hits you.
You die...

#.r...#... #...<...#
#..... ....... ##.....##
###... .... #.....# ###.
#.##########+#####+
###### #............##
......
######.....g.g.....#
......
.....#...gr.lrl....##
......
....g.#######.K.b...#
.##### .......#
#$bb@...# #
.......!..............(.
#
..........###...........
# ##.$......#
#######...#. #
#........# ...#
#.....#### .... #.....#
... ....# ...


You could see 2 hobgoblins, a goblin, 3 bats, a kobold, 2 frilled lizards and 2
rats.

Vanquished Creatures
  A dart slug (D:1)
  2 goblins (D:2)
  A hobgoblin (D:2)
  A bat (D:1)
  A frilled lizard (D:1)
  3 rats
9 creatures vanquished.

Notes
Turn   | Place    | Note
-------+----------+-------------------------------------------
     0 | D:1      | comborobin the Djinni Warper began the quest for the Orb.
     0 | D:1      | Reached XP level 1. HP: 18/18 MP: 0/0
   161 | D:2      | Reached XP level 2. HP: 5/23 MP: 0/0
   536 | D:1      | HP: 1/23 [bat (1)]
   537 | D:1      | Slain by a bat

Illustrated notes

Levels and vault maps discovered:
D:1:      onia_arrival_pentagram, layout_basic
D:2:      layout_loops_ring, serial_shops, nicolae_shop_bloodbath_and_beyond,
          uniq_natasha

Action                   || total
-------------------------++-------
Melee: Unarmed           ||    43
       Punch             ||     2
  Use: Potion            ||     1
       Scroll            ||     3
 Stab: Invisible         ||     2
Armor: Leather armour    ||    29
Dodge: Dodged            ||    63
